cohdb
Replays
Latest Replays
All Replays
Popular Replays
Top Player Replays
Match Explorer
How It Works
Community
CoH3 Stats
Reddit
Sign in to upload your games and track your stats! →
Sign in with Steam
Match 43300217
Unlisted
Match 43300217
Overview
Messages
Build Orders
End
Kradschützen Motorcycle Team
Panzergrenadier Squad
Selects Panzerjäger Kommand Battlegroup
Selects Mine Fields
Panzergrenadier Squad
Construct Light Support Kompanie
Fire Support Elements
Veteran Squad Leaders
2.5-tonne Medical Truck
MG34 Team
Losttruppen
bigcheese
Drink||Belzebuth
PUN-Martin
Mastercraft97
♤☠ ҉ 新♌颖 ҉ ☠✠
Dimawoo1
Psixor
0
0
Comments
sign in to comment!
No comments posted yet!